 Dungeon Crawl Stone Soup version 0.27.1-1-g398f81649c (webtiles) character file.

Game seed: 5587428076023074697

182 speeev33 the Skirmisher (level 5, -2/47 HPs)
             Began as a Hill Orc Fighter on Sept 12, 2021.
             Slain by a black bear (3 damage)
             ... on level 4 of the Dungeon.
             The game lasted 00:08:52 (4322 turns).

speeev33 the Skirmisher (Hill Orc Fighter)          Turns: 4322, Time: 00:08:54

Health: -2/47      AC:  7    Str: 20    XL:     5   Next: 62%
Magic:  5/5        EV: 11    Int:  8    God:
Gold:   165        SH:  9    Dex: 10    Spells: 4/4 levels left

rFire    . . .     SeeInvis .   a - +0 war axe
rCold    + . .     Faith    .   s - +0 kite shield
rNeg     . . .     Spirit   .   b - +0 scale mail
rPois    .         Reflect  .   (no helmet)
rElec    .         Harm     .   (no cloak)
rCorr    .         Rampage  .   (no gloves)
Will     .....                  (no boots)
Stlth    ..........             (no amulet)
HPRegen  0.15/turn              i - ring of protection from cold
MPRegen  0.09/turn              r - +4 ring of evasion

@: mighty
A: no striking features
a: no special abilities


You were on level 4 of the Dungeon.
You visited 1 branch of the dungeon, and saw 4 of its levels.
You also visited: Sewer.

You collected 165 gold pieces.

Inventory:

Hand Weapons
 a - a +0 war axe (weapon)
Armour
 b - a +0 scale mail (worn)
 s - a +0 kite shield (worn)
Jewellery
 i - a ring of protection from cold (left hand)
 r - a +4 ring of evasion (right hand)
Scrolls
 d - a scroll of enchant weapon {unknown}
 e - 2 scrolls of vulnerability
 f - 3 scrolls of teleportation
 j - a scroll of enchant armour {unknown}
 k - a scroll of fear {unknown}
 p - a scroll of magic mapping
 q - a scroll of noise {unknown}
Potions
 g - a potion of flight
 h - 2 potions of cancellation
 l - a potion of magic {unknown}
 m - a potion of haste {unknown}
 o - 2 potions of resistance


   Skills:
 + Level 4.8 Fighting
 + Level 4.3 Axes
 + Level 4.3 Armour
 + Level 4.4 Shields


You had 4 spell levels left.
You didn't know any spells.
Your spell library contained the following spells:

 Spells                   Type           Power      Damage    Failure   Level
 Gell's Gravitas          Tloc           0%         N/A       100%        3
 Lesser Beckoning         Tloc           0%         N/A       100%        3
 Teleport Other           Tloc           0%         N/A       100%        3


Dungeon Overview and Level Annotations

Branches:
Dungeon (4/15)              Sewer (visited)
 Temple: D:4-7

Altars:


Message History

The black bear bites you but does no damage.
The black bear claws you but does no damage.
You block the black bear's attack. The black bear bites you.
You block the black bear's attack. The black bear closely misses you.
You hit the black bear but do no damage.
The black bear is moderately wounded.
The black bear misses you. The black bear claws you.
You block the black bear's attack. The black bear bites you.
The black bear barely misses you. The black bear closely misses you.
You slash the black bear!
The black bear is heavily wounded.
The black bear bites you but does no damage.
The black bear claws you. The black bear barely misses you.
You hit the black bear.
The black bear is severely wounded.
You block the black bear's attack.
The black bear claws you but does no damage. x2
You slash the black bear!
The black bear is almost dead.
The black bear goes berserk!
The black bear bites you!
The black bear claws you but does no damage.
The black bear closely misses you.
You hit the black bear but do no damage.
The black bear is almost dead.
The black bear bites you but does no damage.
The black bear barely misses you. The black bear claws you.
* * * LOW HITPOINT WARNING * * *
You block the black bear's attack. The black bear claws you.
* * * LOW HITPOINT WARNING * * *
You block the black bear's attack. You block the black bear's attack.
The black bear barely misses you. The black bear claws you.
* * * LOW HITPOINT WARNING * * *
You feel very mighty all of a sudden. The black bear bites you.
* * * LOW HITPOINT WARNING * * *
The black bear claws you.
* * * LOW HITPOINT WARNING * * *
The black bear claws you.
You die...

##. ...### #.....[ ..
... .######.###<.
#..##..#...........#..
#.?#....#.######.#....
#..#..#.#.# #.###..
#...<.....# #......
##.......# #####..
#...#h##.# #..
##.....@..# #.#
......#.#..# #######
#.# ####.##.#..#
#.....# #.#
...........####..[..#
#.#
.....##.#...).......#
#.. ...
#.#######.....# ###
### #.# #.....# #.###
####### ## #...# #.


You could see a black bear (berserk).

Vanquished Creatures
  7 adders
  An ufetubus (D:2)
  A worm (D:3)
  4 dart slugs
  4 orcs (D:4)
  6 bats (D:2)
  3 endoplasms
  7 goblins
  6 hobgoblins
  15 jackals
  18 kobolds
  3 quokkas (D:1)
  10 ball pythons
  6 frilled lizards
  5 rats
96 creatures vanquished.

Vanquished Creatures (others)
  21 plants (Sewer)
21 creatures vanquished.

Grand Total: 117 creatures vanquished

Notes
Turn   | Place    | Note
-------+----------+-------------------------------------------
     0 | D:1      | speeev33 the Hill Orc Fighter began the quest for the Orb.
     0 | D:1      | Reached XP level 1. HP: 19/19 MP: 1/1
   155 | D:1      | Reached XP level 2. HP: 27/27 MP: 2/2
   800 | D:1      | Found a faded altar of an unknown god.
  1180 | D:2      | Reached XP level 3. HP: 4/33 MP: 3/3
  1944 | D:2      | Reached XP level 4. HP: 40/40 MP: 4/4
  2433 | D:3      | Found a glowing drain.
  2452 | Sewer    | Entered a sewer
  2893 | Sewer    | Reached XP level 5. HP: 43/47 MP: 5/5
  4307 | D:4      | Noticed a black bear
  4322 | D:4      | HP: 1/47 [black bear (6)]
  4322 | D:4      | Slain by a black bear

Illustrated notes

Levels and vault maps discovered:
D:1:      dpeg_arrival_orchard, layout_basic,
          hellmonk_ecumenical_altar_crossroads, minmay_tetromino_s4
D:2:      layout_loops_ring, minmay_3d_cube
D:3:      layout_loops_ring, portal_sewer_entry_d,
          minmay_misc_feat_more_columns, grunt_ministairs_2
D:4:      layout_loops_cross

Skill      XL: |  1  2  3  4 |
---------------+-------------+-----
Axes           | 3 4 |  4.3
Fighting       | 4 |  4.8
Armour         | 4 |  4.3
Shields        | 4 |  4.4

Action                   |  1- 3 |  4- 6 || total
-------------------------+-------+-------++-------
Melee: War axe           |   114 |   198 ||   312
  Use: Scroll            |     7 |     3 ||    10
       Potion            |     1 |     1 ||     2
Armor: Scale mail        |    81 |    86 ||   167
Dodge: Dodged            |    38 |    78 ||   116
Block: Kite shield       |    74 |   100 ||   174
